[Event "*** MasterClass Titled Tuesday Blitz"]
[Site "Chess.com"]
[Date "2017.09.05"]
[Round "8"]
[White "AndrewMcStone"]
[Black "Robin-Side"]
[Result "0-1"]
[WhiteElo "2048"]
[BlackElo "2270"]
[TimeControl "180+2"]
[EndTime "14:57:13 PDT"]
[Termination "Robin-Side won by resignation"]

1. d4 Nf6 2. c4 g6 3. Nc3 d5 4.
cxd5 Nxd5 5. Bd2 Bg7 6. e4 Nb6 7. Be3 O-O 8. Be2 Nc6 9. Nf3 Bg4 10. d5 Bxf3 11. Bxf3 Ne5 12. Be2 Nec4 13. Bc1 f5 14. Bxc4 Nxc4 15. Qe2 Bxc3+ 16. bxc3 b5 17. Bg5 Qd7 18.
O-O Rae8 19. Rad1 fxe4 20. Qxe4 Rf5 21. Bh4 Re5 22. Qd4 Rd8 23. Qxa7 Nb6 24. Qb7 Nxd5 25. Bg3 Rf5 26. Bxc7 Rc8 27. Rxd5 Rxd5 0-1

[Event "*** MasterClass Titled Tuesday Blitz"]
[Site "Chess.com"]
[Date "2017.09.05"]
[Round "8"]
[White "The_Jagermeister"]
[Black "HKBurwell"]
[Result "1-0"]
[WhiteElo "2420"]
[BlackElo "2352"]
[TimeControl "180+2"]
[EndTime "14:57:14 PDT"]
[Termination "The_Jagermeister won by resignation"]

1. d4 d5 2. Nf3 Nf6 3. e3 c5 4.
dxc5 e6 5. b4 a5 6. c3 axb4 7.
cxb4 b6 8. Bb5+ Bd7 9. Bxd7+ Qxd7 10. a4 bxc5 11. b5 Bd6 12. O-O Qe7 13. Bb2 e5 14. Nc3 d4 15. exd4 cxd4 16. Ne2 O-O 17. Ng3 Qe6 18.
Re1 Qd5 19. Nf5 Re8 20. Nxd6 Qxd6 21. Qb3 Nbd7 22. a5 Nc5 23. Qb4 Qd5 24. Rad1 Rac8 25. a6 Ra8 26. Ba3 Ncd7 27. Rb1 Ng4 28. Qd6 Qxd6 29. Bxd6 f6 30. h3 Nh6 31. Rec1 Nf5 32.
Rc7 Nb6 33. Rb7 Nc4 34. Bc5 Rec8 35. Bb4 e4 36. Nd2 Nxd2 37. Bxd2 Rc2 38. Bf4 e3 39. fxe3 dxe3 40. a7 Rcc8 41. Rb8 g5 42. Rxc8+ 1-0

[Event "*** MasterClass Titled Tuesday Blitz"]
[Site "Chess.com"]
[Date "2017.09.05"]
[Round "8"]
[White "goingin33"]
[Black "ditkin25"]
[Result "0-1"]
[WhiteElo "2271"]
[BlackElo "2236"]
[TimeControl "180+2"]
[EndTime "14:57:17 PDT"]
[Termination "ditkin25 won by checkmate"]

1. e4 c6 2. d4 d5 3. e5 Bf5 4. h4 h5 5. Bg5 Qb6 6. Bd3 Qxd4 7. Nf3 Qg4 8. O-O Bxd3 9. Qxd3 e6 10. c4 Qxc4 11. Qxc4 dxc4 12. Nbd2 f6 13. Bf4 Ne7 14.
Nxc4 Nd5 15. Bg3 Nd7 16. Rfe1 Kf7 17. Re2 Bb4 18. a3 b5 19. axb4 bxc4 20. Rc1 N7b6 21. Nd4 Nxb4 22. exf6 gxf6 23. Bd6 Nd3 24. Rd1 Rhe8 25. b3 Rad8 26. bxc4 Rxd6 27. Rxd3 e5 28. c5 Rxd4 29. Ra3 Nc8 30. Rb2 Re7 31. Rb8 Rc7 32. g3 Rd5 33. Rc3 Ke6 34. Kg2 e4 35. Kh3 Ke5 36. g4 Kd4 37. Rc1 hxg4+ 38. Kxg4 Rxc5 39.
Rd1+ Ke5 40. Rd8 Nd6 41. h5 Rg7+ 42. Kh4 Kf4 43. h6 Rg4+ 44. Kh3 Rh5# 0-1

[Event "*** MasterClass Titled Tuesday Blitz"]
[Site "Chess.com"]
[Date "2017.09.05"]
[Round "8"]
[White "livestrong04"]
[Black "Alex_Molchanov"]
[Result "0-1"]
[WhiteElo "2352"]
[BlackElo "2500"]
[TimeControl "180+2"]
[EndTime "14:57:34 PDT"]
[Termination "Alex_Molchanov won by resignation"]

1. e4 e5 2. Nf3 Nc6 3. d4 exd4 4. Nxd4 Bc5 5. Nb3 Bb6 6. Nc3 Nf6 7. Qe2 O-O 8. Be3 Re8 9. f3 Qe7 10. O-O-O d6 11. g4 Be6 12. h4 Nd7 13. h5 a5 14. Kb1 a4 15. Nd4 Nxd4 16. Bxd4 Bxd4 17. Rxd4 b5 18. Nxb5 Nc5 19. h6 g6 20. Qd2 Reb8 21. Qc3 Qf8 22. Nxc7 Ra7 23. Nxe6 Nxe6 24. Rxd6 Qxd6 25. Bc4 Qd4 26. Qxd4 Nxd4 27. f4 Rc7 28. Bd3 a3 29. b3 Rc3 30. g5 Rbc8 31. Rh2 Nf3 32. Rf2 Ne1 33. Bc4 Re3 34. f5 Nf3 35. c3 Ne5 36. fxg6 hxg6 37. Bd5 Rexc3 38. Rf1 R8c7 39. b4 Nd3 40. h7+ Kh8 0-1

[Event "*** MasterClass Titled Tuesday Blitz"]
[Site "Chess.com"]
[Date "2017.09.05"]
[Round "8"]
[White "Adham_Fawzy"]
[Black "Aariow"]
[Result "1-0"]
[WhiteElo "2402"]
[BlackElo "2370"]
[TimeControl "180+2"]
[EndTime "14:57:39 PDT"]
[Termination "Adham_Fawzy won by resignation"]

1. e4 c5 2. Nf3 Nc6 3. d4 cxd4 4.
Nxd4 e5 5. Nb5 a6 6. Nd6+ Bxd6 7.
Qxd6 Qe7 8. Qxe7+ Ngxe7 9. Nc3 Nb4 10. Bd3 d5 11. exd5 Bf5 12. O-O Bxd3 13. cxd3 Nexd5 14. Nxd5 Nxd5 15. Re1 O-O-O 16. Rxe5 Rhe8 17. Rxe8 Rxe8 18. Bd2 Kd7 19. Kf1 b5 20. a3 f5 21. Rc1 Kd6 22. d4 Re4 23. Rd1 b4 24. f3 Re3 25.
axb4 Rd3 26. Ke2 Rxd4 27. Ra1 Nxb4 28. Bc3 Rc4 29. Ra4 Kc5 30. Ra5+ Kb6 31. Rxf5 g6 32. Rf7 Nd5 33. Kd3 Rh4 34. Bd4+ Kc6 35. Be5 Rb4 36. Rxh7 Rxb2 37. Bxb2 1-0

[Event "*** MasterClass Titled Tuesday Blitz"]
[Site "Chess.com"]
[Date "2017.09.05"]
[Round "8"]
[White "Frolik67"]
[Black "popov_m"]
[Result "0-1"]
[WhiteElo "2507"]
[BlackElo "2457"]
[TimeControl "180+2"]
[EndTime "14:57:42 PDT"]
[Termination "popov_m won by checkmate"]

1. e4 g6 2. d4 Bg7 3. Nf3 d6 4. Nc3 Nf6 5. Bc4 O-O 6. O-O a6 7. Re1 b5 8. Bb3 Bb7 9. e5 dxe5 10. Nxe5 Nbd7 11. Bg5 Nb6 12. Qd2 b4 13. Na4 Ne4 14. Rxe4 Bxe4 15. Nc5 Bd5 16. Qxb4 Bxb3 17. Nxb3 f6 18. Nc6 Qd6 19. Nxe7+ Kf7 20. Nc5 Kxe7 21. Bf4 Qd5 22. Bxc7 Kf7 23. Qxb6 f5 24. c3 Rfe8 25. Bf4 Kg8 26. Nxa6 Qe4 27. g3 Re6 28. Qxe6+ Qxe6 29. Nc7 Qe4 30. Nxa8 Qxa8 31. a4 Kf7 32. a5 Ke6 33. a6 Qa7 34. b4 Kd5 35. Ra5+ Ke4 36. Be3 Kf3 37. d5 Qc7 38. Rc5 Qd7 39. Kf1 Qa4 40. Ke1 Qc2 41. Bd2 Qb1+ 42. Bc1 Qxc1# 0-1

[Event "*** MasterClass Titled Tuesday Blitz"]
[Site "Chess.com"]
[Date "2017.09.05"]
[Round "8"]
[White "Saitama_Hero"]
[Black "nonscitis"]
[Result "0-1"]
[WhiteElo "2313"]
[BlackElo "2427"]
[TimeControl "180+2"]
[EndTime "14:57:42 PDT"]
[Termination "nonscitis won by resignation"]

1. d4 d5 2. c4 c6 3. cxd5 cxd5 4. Nc3 Nc6 5. e4 Nf6 6. e5 Ne4 7. Bd3 Nxd4 8. Nxe4 dxe4 9. Bxe4 Qa5+ 10. Kf1 Qxe5 11.
Qe1 Bd7 12. f4 Qb5+ 13. Kf2 e6 14. Be3 Qxb2+ 15. Kg3 Bc6 16. Rb1 Qa3 17. Bxc6+ bxc6 18. Nf3 Nf5+ 19. Kh3 Qxe3 20. Qa5 Qc5 21. Qa6 Qd6 22.
Rhd1 Qc7 23. Rb7 Qc8 24. Ne5 Nd6 25. Rxd6 Bxd6 26. Nxf7 O-O 27. Nxd6 Qd8 28. Qxc6 Rxf4 29. g3 Rf8 30. Ne4 Qd5 31. Qc7 Qf5+ 32. Kh4 Qxe4+ 33. g4 Qg6 34. Qe7 Qf6+ 0-1

[Event "*** MasterClass Titled Tuesday Blitz"]
[Site "Chess.com"]
[Date "2017.09.05"]
[Round "8"]
[White "Bryakin_Mikhail"]
[Black "ALeks_Ivlev"]
[Result "0-1"]
[WhiteElo "2529"]
[BlackElo "2449"]
[TimeControl "180+2"]
[EndTime "14:57:44 PDT"]
[Termination "ALeks_Ivlev won by resignation"]

1. d4 Nf6 2. c4 e6 3. Nf3 Bb4+ 4. Bd2 Qe7 5. g3 O-O 6. Bg2 Nc6 7. O-O Bxd2 8. Nbxd2 d6 9. e4 e5 10. d5 Nd8 11.
Ne1 a5 12. Nd3 g6 13. b3 Nd7 14. Qe2 Nc5 15. Nb2 a4 16. b4 a3 17. Nd1 Na6 18. Rb1 c5 19. b5 Nb4 20. Nb3 f5 21. Nc3 f4 22. f3 fxg3 23. hxg3 h5 24. f4 Bg4 25.
Bf3 Bh3 26. Bg2 Bxg2 27. Kxg2 Nf7 28. f5 Nh6 29. fxg6 Qg5 30. Qd2 Qxg6 31. Rbd1 h4 32.
Qe3 Ng4 33. Qe2 Nf2 34. Qe3 Nxd1 35. Rxd1 Qxg3+ 36. Qxg3+ hxg3 37. Kxg3 Rf4 38. Nc1 Raf8 39. N1e2 R4f7 40. Kh4 Rg7 41. Rb1 Rf2 42. Kh3 Rf6 0-1

[Event "*** MasterClass Titled Tuesday Blitz"]
[Site "Chess.com"]
[Date "2017.09.05"]
[Round "8"]
[White "Blitzking4444"]
[Black "Makalexa"]
[Result "0-1"]
[WhiteElo "2083"]
[BlackElo "2162"]
[TimeControl "180+2"]
[EndTime "14:57:47 PDT"]
[Termination "Makalexa won by resignation"]

1. e4 e5 2. Nf3 Nc6 3. Bb5 a6 4. Ba4 Nf6 5. O-O b5 6. Bb3 Bb7 7. Re1 Be7 8. Nc3 O-O 9. a3 Nd4 10. Nxd4 exd4 11. Nd5 Nxd5 12. Bxd5 Bxd5 13. exd5 c5 14.
Qf3 Bd6 15. d3 Re8 16. Bd2 Rc8 17. Re4 Rxe4 18. Qxe4 Qe8 19. Qg4 Qe5 20. g3 Qxd5 21. Qxd7 Qc6 22. Qg4 Re8 23. Re1 Rxe1+ 24. Bxe1 h6 25. Bd2 Be7 26. f3 Qe6 27. Qe4 Qxe4 28. fxe4 c4 29. dxc4 bxc4 30. Kf2 Kf8 31. e5 f5 32. Kf3 Kf7 33. h3 Ke6 34. g4 Kxe5 35. gxf5 Kxf5 36. Bf4 g5 37. Bc7 h5 38. a4 g4+ 39. hxg4+ hxg4+ 40. Kg3 Bf6 41. Bb6 Be5+ 42. Kf2 Ke4 43. Ke2 g3 44. Kf1 d3 45. cxd3+ Kxd3 46. b4 cxb3 47. Kg2 b2 48. a5 b1=Q 0-1

[Event "*** MasterClass Titled Tuesday Blitz"]
[Site "Chess.com"]
[Date "2017.09.05"]
[Round "8"]
[White "Izoria123"]
[Black "WeiYi1999"]
[Result "0-1"]
[WhiteElo "2630"]
[BlackElo "2180"]
[TimeControl "180+2"]
[EndTime "14:57:49 PDT"]
[Termination "WeiYi1999 won on time"]

1. Nf3 d5 2. g3 c6 3. Bg2 Bg4 4.
c4 Bxf3 5. Bxf3 e6 6. O-O dxc4 7. Qc2 Nd7 8. Qxc4 Ne5 9. Qb3 Nxf3+ 10. Qxf3 Nf6 11.
Nc3 Be7 12. Rd1 O-O 13. d4 Qb6 14. b3 Rad8 15. e3 Rd7 16. Bb2 Rfd8 17. Rac1 Qa5 18. Qe2 Qf5 19. Kg2 h5 20. f3 h4 21. g4 Qg6 22.
Qc2 h3+ 23. Kf2 Qh6 24. Ke2 Qh4 25. Ne4 Nd5 26. Bc3 f5 27. gxf5 exf5 28. Ng3 Nxe3 29. Kxe3 f4+ 30. Kf2 fxg3+ 31. hxg3 Qh5 32. Qe4 Ba3 33. Rc2 Re7 34. Qd3 Bd6 35. Rh1 Rf8 36.
f4 Bxf4 37. gxf4 Rxf4+ 38. Kg1 Rf3 39. Qc4+ Kh8 40. Re2 Qg4+ 0-1

[Event "*** MasterClass Titled Tuesday Blitz"]
[Site "Chess.com"]
[Date "2017.09.05"]
[Round "8"]
[White "manubibi"]
[Black "ChessQueen"]
[Result "0-1"]
[WhiteElo "2431"]
[BlackElo "2596"]
[TimeControl "180+2"]
[EndTime "14:57:51 PDT"]
[Termination "ChessQueen won on time"]

1. e4 e5 2. Nf3 Nc6 3. Bb5 a6 4. Ba4 Nf6 5. O-O Be7 6. Re1 b5 7. Bb3 O-O 8. a4 b4 9. d3 d6 10. a5 Be6 11. Bc4 Bxc4 12. dxc4 Qc8 13. Nbd2 Nd8 14. Nf1 Ne6 15. Ne3 c6 16. Nf5 Qc7 17.
Bd2 Rab8 18. Ra4 b3 19. cxb3 Nc5 20. Ra3 Ncxe4 21. Be3 d5 22. Bb6 Qd7 23. Nxe7+ Qxe7 24. c5 Ng4 25. Re2 Ngxf2 26. Rxf2 Nxf2 27. Kxf2 e4 28. Nd4 Rbe8 29. b4 e3+ 30. Kg1 e2 31. Qe1 Qe4 32. Nf3 d4 33. Kf2 Re7 34. Qd2 Rfe8 35. Ne1 Qf5+ 36. Rf3 Qd5 37. Qd3 Re3 38. Qf5 Qxf5 39.
Rxf5 d3 0-1

[Event "*** MasterClass Titled Tuesday Blitz"]
[Site "Chess.com"]
[Date "2017.09.05"]
[Round "8"]
[White "workhard91"]
[Black "iusegine"]
[Result "0-1"]
[WhiteElo "2301"]
[BlackElo "2387"]
[TimeControl "180+2"]
[EndTime "14:57:55 PDT"]
[Termination "iusegine won by checkmate"]

1. e4 c5 2. Nf3 d6 3. Bb5+ Nd7 4.
O-O a6 5. Bd3 Ngf6 6. Re1 e5 7.
Bf1 g6 8. c3 Bg7 9. d4 O-O 10.
dxe5 dxe5 11. c4 Ne8 12. Nc3 Nc7 13. Nd5 Ne6 14. Be3 Nd4 15. b4 b6 16. Rb1 h6 17.
a4 a5 18. bxc5 bxc5 19. Nd2 f5 20. f3 Ra6 21. Rb5 f4 22. Bf2 g5 23. Nb3 Rg6 24. h3 h5 25. Nxc5 Nxc5 26. Rxc5 g4 27. Rxc8 Qg5 28.
Rxf8+ Bxf8 29. fxg4 hxg4 30. Qxg4 Qh6 31. Bxd4 Rxg4 32.
hxg4 exd4 33. e5 Qh4 34. Rd1 f3 35. gxf3 d3 36. Bg2 Bc5+ 37. Ne3 Bxe3+ 38. Kf1 Qf2# 0-1

[Event "*** MasterClass Titled Tuesday Blitz"]
[Site "Chess.com"]
[Date "2017.09.05"]
[Round "8"]
[White "Mistheoretical"]
[Black "dhanushbharadwaj"]
[Result "1/2-1/2"]
[WhiteElo "2204"]
[BlackElo "2394"]
[TimeControl "180+2"]
[EndTime "14:57:55 PDT"]
[Termination "Game drawn - insufficient material"]

1. d4 g6 2. e4 Bg7 3. Nc3 c6 4. Be3 d5 5. Qf3 dxe4 6. Nxe4 Nf6 7. Nxf6+ Bxf6 8. O-O-O O-O 9. Bc4 Nd7 10. g4 Nb6 11.
Bb3 Nd5 12. Bh6 Bg7 13. Bxg7 Kxg7 14. h4 Nf6 15. g5 Nh5 16. Ne2 Qd7 17. Kb1 Qg4 18. Qe3 Be6 19. Bxe6 Qxe6 20. Ng3 Qxe3 21. Nxh5+ gxh5 22. fxe3 Kg6 23. Rdf1 Rad8 24. Rhg1 Rd5 25. c3 Rd6 26. e4 Rc8 27. b4 b6 28. e5 Rd5 29. Rf4 c5 30. bxc5 bxc5 31. Rgf1 cxd4 32. cxd4 Rc4 33. Rxf7 Rcxd4 34. Rxe7 Rd1+ 35. Rxd1 Rxd1+ 36. Kc2 Rh1 37. Rxa7 Rxh4 38. e6 Re4 39. e7 Kxg5 40. a4 h4 41. Kb3 h3 42. e8=Q Rxe8 43. Rxh7 Kg4 44. Kb4 Rb8+ 45. Kc5 Kg3 46. a5 Rc8+ 47. Kb6 h2 48. a6 Rb8+ 49. Kc6 Rb1 50. Rxh2 Rc1+ 51. Kb7 Kxh2 52. a7 Rb1+ 53. Kc7 Ra1 54.
Kb8 Rb1+ 55. Kc7 Rc1+ 56. Kb7 Rb1+ 57. Kc7 Ra1 58. Kb7 Rxa7+ 59. Kxa7 1/2-1/2

[Event "*** MasterClass Titled Tuesday Blitz"]
[Site "Chess.com"]
[Date "2017.09.05"]
[Round "8"]
[White "kleinebeer98"]
[Black "sergiochess83"]
[Result "0-1"]
[WhiteElo "2480"]
[BlackElo "2764"]
[TimeControl "180+2"]
[EndTime "14:58:00 PDT"]
[Termination "sergiochess83 won by resignation"]

1. e4 c6 2. d4 d5 3. f3 e6 4. Nc3 Bb4 5. Bd3 dxe4 6. fxe4 Qxd4 7. Nf3 Bxc3+ 8. bxc3 Qxc3+ 9. Bd2 Qc5 10. Qe2 e5 11. Rb1 a5 12. Be3 Qe7 13. O-O Nf6 14. h3 O-O 15.
Qf2 Na6 16. Qh4 Nb4 17. Ng5 h6 18. Nf3 Re8 19. a3 Nxd3 20. cxd3 Be6 21. Qg3 Kh7 22.
Qxe5 Rad8 23. Bd4 b5 24. Rbc1 Qxa3 25. Qg3 Qe7 26. Rxc6 b4 27. Rc7 Rd7 28. Rxd7 Bxd7 29. Nh4 b3 30. e5 Nh5 31. Qf2 Be6 32. Nf5 Qg5 33. Nd6 Rb8 34. Nxf7 Bxf7 35. Qxf7 b2 36. Rb1 Nf4 37. g4 Ne2+ 38. Kf2 Nxd4 39. e6 Qd2+ 40.
Kg3 Qxd3+ 0-1

[Event "*** MasterClass Titled Tuesday Blitz"]
[Site "Chess.com"]
[Date "2017.09.05"]
[Round "8"]
[White "Daniela_Movileanu"]
[Black "Art10ECHR"]
[Result "1-0"]
[WhiteElo "2038"]
[BlackElo "2222"]
[TimeControl "180+2"]
[EndTime "14:58:01 PDT"]
[Termination "Daniela_Movileanu won by resignation"]

1. e4 c5 2. Nf3 e6 3. d4 cxd4 4. Nxd4 Nc6 5. Nc3 Qc7 6. Be3 a6 7. Qd2 Nf6 8. f3 Be7 9. O-O-O b5 10. Nxc6 dxc6 11. g4 O-O 12. g5 Ne8 13. h4 e5 14.
Bh3 Nd6 15. Bc5 Nc4 16. Qf2 Bxh3 17. Rxh3 Rfd8 18. Bxe7 Qxe7 19. Rhh1 Qb4 20. Rxd8+ Rxd8 21. Nd1 Rxd1+ 22. Kxd1 Qxb2 23. Re1 Qb1+ 24. Ke2 Qxc2+ 25. Kf1 Qd3+ 26. Kg1 g6 27. Qe2 Qd4+ 28. Kg2 a5 29.
Kg3 Qd8 30. Rd1 Qe7 31. Qd3 Kg7 32. Qd7 Qxd7 33. Rxd7 b4 34. Rc7 Ne3 35. Rxc6 a4 36. Rb6 Nc2 37. f4 exf4+ 38. Kxf4 Kf8 39. e5 Ke7 40. Ke4 Kd7 41. Kd5 Kc7 42. Rb5 a3 43.
Rc5+ Kb6 44. Rxc2 Kb5 45. Rc5+ Ka4 46. Kc4 h5 47. Rc7 Ka5 48. Rxf7 b3 49. Kxb3 1-0

[Event "*** MasterClass Titled Tuesday Blitz"]
[Site "Chess.com"]
[Date "2017.09.05"]
[Round "8"]
[White "r31415"]
[Black "2L8IWUN"]
[Result "0-1"]
[WhiteElo "2142"]
[BlackElo "1811"]
[TimeControl "180+2"]
[EndTime "14:58:01 PDT"]
[Termination "2L8IWUN won by resignation"]

1. e4 c5 2. Nf3 d6 3. d4 cxd4 4.
Nxd4 Nf6 5. Nc3 Nc6 6. h3 e5 7.
Nde2 h5 8. Ng1 Be6 9. Nf3 d5 10. exd5 Nxd5 11. Nxd5 Qxd5 12. Qxd5 Bxd5 13. Ng5 f6 14. c4 Bg8 15. Ne4 Nb4 16. Rb1 O-O-O 17. Bd2 Nxa2 18. b4 Rd4 19. f3 Bxc4 20. Be3 Bxf1 21. Bxd4 Bxg2 22. Rh2 exd4 23. Rxg2 Nxb4 24. Rd2 Nc6 25. Rdb2 b6 26. Rc2 Kb7 27. Rbc1 Bb4+ 28. Kf1 Rc8 29. Rc4 f5 30. Ng3 g6 31. Ne2 d3 32. Nf4 b5 33. Rxc6 Rxc6 34. Rxc6 Kxc6 35. Nxd3 Bd6 36. Ke2 a5 37. Kd2 a4 38. Kc2 Kd5 39. Kc3 b4+ 40. Kc2 0-1

[Event "*** MasterClass Titled Tuesday Blitz"]
[Site "Chess.com"]
[Date "2017.09.05"]
[Round "8"]
[White "MatthewG-p4p"]
[Black "chessking2151"]
[Result "1-0"]
[WhiteElo "2571"]
[BlackElo "2342"]
[TimeControl "180+2"]
[EndTime "14:58:04 PDT"]
[Termination "MatthewG-p4p won by resignation"]

1. f4 b6 2. Nf3 Bb7 3. e3 e6 4. b3 Be7 5. Bb2 Bf6 6. Nc3 d5 7. Be2 h5 8. O-O Nh6 9. Ne5 g6 10. a4 Nd7 11. d4 Nf5 12. Qd2 a5 13. Ba3 Be7 14. Bxe7 Kxe7 15. Bb5 Nb8 16. Qe1 c6 17.
Bd3 Nd7 18. Bxf5 exf5 19. Ne2 Ke6 20. c4 c5 21. dxc5 Nxc5 22. Nd4+ Kf6 23. Ndc6 Qc7 24. cxd5 Kg7 25. Qc3 f6 26. Nf3 Bxc6 27. dxc6 Qxc6 28. Nd4 Qe4 29. Rfd1 Rhe8 30. Re1 Rac8 31. Qd2 Nd3 32. Re2 Red8 33. Rd1 Nb4 34. h3 h4 35. Qe1 Rd5 36. Red2 Rcd8 37. Qf2 Na6 38. Kh2 Kf7 39. Qxh4 Qxe3 40. Qh7+ Kf8 41. Qxg6 Qxf4+ 42. g3 Qe5 43.
Qh6+ Kf7 44. Qh5+ Kf8 45. Re2 Rxd4 46. Rxe5 fxe5 47. Qxf5+ Kg8 48. Qg5+ Kf7 49. Qxd8 Rxd8 50. Rxd8 Nc5 51. Rb8 Nxb3 52. Rxb6 Nc5 53. Rb5 Nxa4 54. Rxe5 Nc3 55. Rxa5 Kf6 56. h4 1-0

[Event "*** MasterClass Titled Tuesday Blitz"]
[Site "Chess.com"]
[Date "2017.09.05"]
[Round "8"]
[White "dolynachess"]
[Black "stefanodinn"]
[Result "1-0"]
[WhiteElo "2398"]
[BlackElo "2198"]
[TimeControl "180+2"]
[EndTime "14:58:11 PDT"]
[Termination "dolynachess won on time"]

1. c4 e6 2. g3 d5 3. Bg2 Nf6 4. d4 Bb4+ 5. Bd2 Be7 6. Nf3 O-O 7. O-O Nbd7 8. b3 c6 9. Nc3 b6 10. Re1 Ba6 11. Ne5 Nxe5 12. dxe5 Ng4 13. cxd5 cxd5 14. e4 Nxe5 15. exd5 Nd3 16. dxe6 Nxe1 17. Qxe1 Rc8 18. exf7+ Kh8 19. Bd5 Bb4 20. Rd1 Rc5 21. Be6 Rc6 22. Nd5 Bxd2 23. Rxd2 Rd6 24. Rd1 Bb7 25. Nc3 Rxd1 26.
Nxd1 Qe7 27. Qe3 Qc7 28. Nc3 Qc6 29. Nd5 h6 30. h4 Kh7 31. Qe4+ Kh8 32. Kh2 Ba8 33. Qe5 Bb7 34. h5 Kh7 35. Bf5+ Kh8 36. Be6 Bc8 37. a4 Bxe6 38. Ne7 Qd7 39. Ng6+ 1-0

[Event "*** MasterClass Titled Tuesday Blitz"]
[Site "Chess.com"]
[Date "2017.09.05"]
[Round "8"]
[White "novocane"]
[Black "biostatistician"]
[Result "0-1"]
[WhiteElo "2164"]
[BlackElo "2434"]
[TimeControl "180+2"]
[EndTime "14:58:18 PDT"]
[Termination "biostatistician won by resignation"]

1. d4 Nf6 2. c4 g6 3. Nc3 Bg7 4. e4 d6 5. f3 O-O 6. Be3 c5 7. d5 e6 8. Nge2 a6 9. a4 exd5 10.
cxd5 Nbd7 11. Ng3 Ne5 12. Be2 h5 13. O-O h4 14. Nh1 Bd7 15. Nf2 b5 16. axb5 axb5 17. Rxa8 Qxa8 18. Bxb5 Bxb5 19. Nxb5 Nc4 20. Bg5 Qb8 21.
b3 Qxb5 22. bxc4 Qxc4 23. Bxh4 Nh5 24. Ng4 Ra8 25. Qc1 Qd3 26. Rd1 Qe2 27. Rd2 Nf4 28. Bf2 Qb5 29. Qe1 Bc3 30. Be3 Ra1 31. Qxa1 Bxa1 32. Bxf4 Bc3 33. Rd1 Qe2 34. Rb1 Bd4+ 35. Kh1 c4 36. h4 c3 37. Rb8+ Kg7 38. e5 Bxe5 39. Bh6+ Kh7 40. Nxe5 Kxh6 41. Nxf7+ Kg7 42. Ng5 c2 43. Rb7+ Kf8 44. Rf7+ Ke8 0-1

[Event "*** MasterClass Titled Tuesday Blitz"]
[Site "Chess.com"]
[Date "2017.09.05"]
[Round "8"]
[White "Scott-fox21"]
[Black "Darkbluelord"]
[Result "1-0"]
[WhiteElo "2188"]
[BlackElo "2129"]
[TimeControl "180+2"]
[EndTime "14:58:24 PDT"]
[Termination "Scott-fox21 won by resignation"]

1. d4 Nf6 2. c4 c5 3. d5 b5 4.
cxb5 a6 5. bxa6 Bxa6 6. Nc3 d6 7. e4 Bxf1 8. Kxf1 Nbd7 9. g3 g6 10. Kg2 Bg7 11. Nf3 O-O 12. a4 Qb6 13. Qe2 Qb3 14.
Nd2 Qc2 15. Re1 Ne5 16. Nf3 Qxe2 17. Rxe2 Nd3 18. Bg5 Rfb8 19. Nb5 Rxb5 20. Rd2 Rb3 21. Rad1 c4 22. Rc2 Nxe4 23. Bxe7 Nxb2 24. Re1 f5 25. Ng1 Ra7 26. Bd8 Rxa4 27. f3 Nf6 28.
Re6 Kf7 29. Rxd6 Bf8 30. Rxf6+ Ke8 31. Bc7 Nd3 32. Re2+ Be7 33. Rfe6 Rb2 34. Rxe7+ Kf8 35. d6 Rxe2+ 36. Nxe2 Nc5 37. Re5 Nd7 38. Re7 Ra2 39.
Kf1 Nc5 40. Rxh7 Nd3 41. d7 Ra1+ 42. Kg2 Ne1+ 43. Kh3 Ra8 44. d8=Q+ 1-0

[Event "*** MasterClass Titled Tuesday Blitz"]
[Site "Chess.com"]
[Date "2017.09.05"]
[Round "8"]
[White "MartinMatthiesen"]
[Black "Bengalas"]
[Result "1/2-1/2"]
[WhiteElo "2321"]
[BlackElo "2498"]
[TimeControl "180+2"]
[EndTime "14:58:35 PDT"]
[Termination "Game drawn by repetition"]

1. d4 Nf6 2. c4 e6 3. Nf3 b6 4. g3 Bb7 5. Bg2 Be7 6. O-O O-O 7. Nc3 Ne4 8. Bd2 d6 9. Rc1 Nxd2 10. Qxd2 Nd7 11. e4 Bf6 12. Rfe1 e5 13. d5 a5 14. Qc2 g6 15. a3 Ba6 16. Nb5 Bg7 17.
Bh3 Bh6 18. Rb1 Bc8 19. b4 Kg7 20. Rf1 Ba6 21. Ne1 Bxb5 22. cxb5 Nf6 23. Rb3 Re8 24.
Rc3 Re7 25. f3 Ra7 26. Nd3 Be3+ 27. Kh1 Bd4 28. Rc4 Qe8 29. bxa5 Qxb5 30. axb6 Qxb6 31. Ra4 Rxa4 32. Qxa4 h5 33. Qc2 Nh7 34. Rb1 Qa7 35.
Bf1 Qxa3 36. Kg2 Qa7 37. h4 Nf6 38. Nb4 Re8 39. Nc6 Qc5 40. Qxc5 Bxc5 41. Rb7 Bb6 42. Nb4 Nd7 43. Na6 Rc8 44. Kh2 Nc5 45. Nxc5 Bxc5 46. Bh3 Ra8 47. Rxc7 Ra2+ 48. Kh1 Ra1+ 49. Kg2 Ra2+ 50.
Kh1 Ra1+ 51. Kg2 Ra2+ 52. Kh1 Ra1+ 53. Kg2 Ra2+ 1/2-1/2

[Event "*** MasterClass Titled Tuesday Blitz"]
[Site "Chess.com"]
[Date "2017.09.05"]
[Round "8"]
[White "Bad4life"]
[Black "AdrianaNikolova"]
[Result "1-0"]
[WhiteElo "2165"]
[BlackElo "2249"]
[TimeControl "180+2"]
[EndTime "14:58:40 PDT"]
[Termination "Bad4life won by checkmate"]

1. e4 c5 2. Nf3 d6 3. d4 cxd4 4.
Nxd4 Nf6 5. Nc3 a6 6. a3 e5 7. Nf5 Bxf5 8. exf5 d5 9. Bg5 d4 10.
Bxf6 Qxf6 11. Nd5 Qc6 12. Qf3 Nd7 13. Bd3 Nc5 14. f6 Rd8 15. Bc4 b5 16. Ba2 e4 17.
Qg3 gxf6 18. Nb4 Qd6 19. Qh4 Be7 20. O-O-O f5 21. Qh5 Qg6 22. Qe2 Ne6 23. Nd5 Bg5+ 24. Kb1 O-O 25. h4 Bf6 26. h5 Qg4 27. f3 Qg5 28. h6 Nf4 29. Nxf4 Qxf4 30. fxe4 fxe4 31. Rdf1 Qe5 32. Rh5 Qe7 33. Qg4+ Kh8 34. Rhf5 Rd6 35. Rxf6 Rg8 36. Qf4 Rxf6 37. Qxf6+ Qxf6 38. Rxf6 Rxg2 39. Bxf7 Rg1+ 40. Ka2 e3 41. Bb3 Rf1 42. Rxf1 e2 43.
Rf8# 1-0

[Event "*** MasterClass Titled Tuesday Blitz"]
[Site "Chess.com"]
[Date "2017.09.05"]
[Round "8"]
[White "jk13"]
[Black "BartoszSocko"]
[Result "0-1"]
[WhiteElo "2435"]
[BlackElo "2644"]
[TimeControl "180+2"]
[EndTime "14:58:43 PDT"]
[Termination "BartoszSocko won by resignation"]

1. e4 e6 2. d4 d5 3. Nd2 Nf6 4. e5 Nfd7 5. Bd3 c5 6. c3 b6 7. Ne2 Ba6 8. Bxa6 Nxa6 9. O-O Nc7 10. Nf4 c4 11. Nf3 h6 12. Nh5 g6 13. Nf4 b5 14.
Ne2 a5 15. Kh1 Bg7 16. Ne1 O-O 17. f4 f5 18. exf6 Nxf6 19. Ng3 Ne4 20. Qe2 Nxg3+ 21. hxg3 Kh7 22. Nf3 Ra6 23. Bd2 Ne8 24. Rae1 Nf6 25. Bc1 Ne4 26. Kh2 b4 27. Nd2 Nf6 28. g4 Qb8 29.
Kg1 a4 30. a3 bxc3 31. bxc3 Rb6 32. Qf3 Qd6 33. Qh3 Kg8 34. Re2 Qd7 35. Rfe1 Nh7 36. Nf3 Rb1 37. g5 hxg5 38. fxg5 Rf5 39. Qg4 Nf8 40.
Bd2 Rb3 41. Ra1 Qd6 42. Nh4 Rf7 43. Rae1 Rxa3 44. Rxe6 Nxe6 45. Rxe6 Ra1+ 46. Be1 Qd7 47. Qe2 a3 48. Nxg6 Bf8 49. Re3 a2 50. Ne5 Qf5 51. Rf3 Rxe1+ 52. Qxe1 Qb1 0-1

[Event "*** MasterClass Titled Tuesday Blitz"]
[Site "Chess.com"]
[Date "2017.09.05"]
[Round "8"]
[White "RitvarsReimanis"]
[Black "BIG_Pirate"]
[Result "0-1"]
[WhiteElo "2448"]
[BlackElo "2339"]
[TimeControl "180+2"]
[EndTime "14:58:43 PDT"]
[Termination "BIG_Pirate won by resignation"]

1. d4 d5 2. c4 c6 3. Nf3 Nf6 4. e3 e6 5. b3 Nbd7 6. Bb2 Bb4+ 7. Nbd2 Qe7 8. Bd3 O-O 9. O-O Bd6 10.
Ne5 c5 11. Rc1 cxd4 12. exd4 Ba3 13. Bxa3 Qxa3 14. Qc2 dxc4 15. Ndxc4 Qe7 16. Rfe1 Rd8 17. d5 Nxe5 18. d6 Qf8 19. Rxe5 Bd7 20. a4 Rac8 21. g4 g6 22. Qd2 Nxg4 23. Ra5 a6 24. Re1 b5 25. Nb6 Rc6 26. Nxd7 Rxd7 27. Qg5 Rcxd6 28. Bf1 h5 29. axb5 axb5 30. Rxb5 Rd5 31. Rxd5 Rxd5 32.
Qf4 Rf5 33. Qc7 Qb4 34. Re2 Qxb3 35. h3 Nf6 36. Re3 Qb1 37. Kg2 Rg5+ 38. Rg3 Rxg3+ 39. Qxg3 Qf5 40. Bd3 Qd5+ 41. Kg1 Kg7 42. Bf1 Qd4 43. Kh2 Ne4 44. Qe3 Qxe3 45. fxe3 h4 46. Bd3 f5 47. Kg2 Kf6 48. Bxe4 fxe4 49. Kf2 g5 50. Ke2 Kf5 51. Kf2 Ke5 52. Ke2 Kd5 53.
Kd2 Kc4 0-1